 Dungeon Crawl Stone Soup version 0.30-a0-937-ga0a21ad780 (webtiles) character file.

Game seed: 2143525844218572108

81 bande the Shield-Bearer (level 4, -1/29 HPs)
             Began as a Gargoyle Fighter on Mar 25, 2023.
             Slain by a goblin
             ... wielding a +0 club
             ... led by Robin
              (5 damage)
             ... on level 2 of the Dungeon.
             The game lasted 00:02:11 (1021 turns).

bande the Shield-Bearer (Gargoyle Fighter)          Turns: 1021, Time: 00:02:12

Health: -1/29      AC: 10    Str: 19    XL:     4   Next: 40%
Magic:  4/4        EV:  9    Int:  9    God:
Gold:   87         SH:  4    Dex: 11    Spells: 3/3 levels left

rFire   . . .      SeeInvis .    a - +0 war axe
rCold   . . .      Faith    .    c - +0 buckler
rNeg    + . .      Spirit   .    b - +0 scale mail
rPois   ∞          Reflect  .    (no helmet)
rElec   +          Rampage  .    (no cloak)
rCorr   .                        (no gloves)
Will    .....                    (no boots) Stlth
                                 (no amulet)
HPRegen 0.24/turn                (no ring)
MPRegen 0.09/turn                (no ring)

@: no status effects
A: sickness immunity, AC +3, negative energy resistance 1, electricity
resistance, torment resistance 1, petrification resistance
a: no special abilities


You were on level 2 of the Dungeon.
You visited 1 branch of the dungeon, and saw 2 of its levels.

You collected 87 gold pieces.

Inventory:

Hand Weapons
 a - a +0 war axe (weapon)
Armour
 b - a +0 scale mail (worn)
 c - a +0 buckler (worn)
Potions
 d - 2 potions of might
 e - a potion of brilliance {unknown}
 f - a potion of resistance {unknown}
 g - a potion of ambrosia {unknown}
 h - a potion of invisibility {unknown}
 i - a potion of mutation {unknown}


   Skills:
 + Level 3.8 Fighting
 + Level 3.0 Axes
 + Level 3.7 Armour
 + Level 3.8 Shields


You had 3 spell levels left.
You didn't know any spells.
Your spell library contained the following spells:

 Spells                   Type           Power      Damage    Failure   Level
 Inner Flame              Hex/Fire       0%         N/A       99%         3
 Flame Wave               Conj/Fire      0%         2d4       100%        4
 Sticky Flame             Conj/Fire      0%         2d3       100%        4


Dungeon Overview and Level Annotations

Branches:
Dungeon (2/15)

Altars:

Shops:
D:1 (([([

Annotations:
D:2 Jessica, Robin


Innate Abilities, Weirdness & Mutations

You are immune to sickness and miasma.
Your stone body is resilient. (AC +3)
You are immune to poison.
You resist negative energy. (rN+)
You are resistant to electric shocks. (rElec)
You are resistant to unholy torment.
You are immune to petrification.


Message History

You closely miss the hobgoblin.
The hobgoblin is almost dead.
You hit the goblin.
You kill the goblin!
You barely miss the hobgoblin. You closely miss the goblin.
You hit the hobgoblin.
You kill the hobgoblin!
The goblin hits you with a +0 dagger.
The hobgoblin hits you but does no damage.
The hobgoblin hits you. The goblin hits you with a +0 dagger.
The hobgoblin hits you. The hobgoblin barely misses you.
You hit the goblin.
The goblin is heavily wounded.
You barely miss the hobgoblin. You slash the hobgoblin!
You kill the hobgoblin!
You completely miss the goblin. You closely miss the hobgoblin.
The hobgoblin hits you.
* * * LOW HITPOINT WARNING * * *
The hobgoblin hits you.
* * * LOW HITPOINT WARNING * * *
You block the goblin's attack.
Your Axes skill increases to level 3!
Found a scroll labelled XEIQIU ONUCK.
The hobgoblin hits you but does no damage.
You block the goblin's attack.
The hobgoblin hits you but does no damage.
Robin barely misses you. You block the hobgoblin's attack.
You see here a ball python corpse.
Unknown command.
You slash the hobgoblin!
You kill the hobgoblin!
You closely miss the hobgoblin. You hit the goblin.
You closely miss the goblin. You barely miss Robin.
You closely miss the hobgoblin.
Jessica looks very angry.
The hobgoblin hits you but does no damage.
Robin hits you but does no damage. The goblin misses you.
You block the hobgoblin's attack. You block the goblin's attack.
The goblin hits you with a +0 club.
You die...

#.....^.....
##+#...........
...........∩...
................
................ ....
#'#....@.?∩..∩. .....
##.....gg...... .....
......g@###..... .....
......ggg..♣..∩. ._...
.#####.†................
#...######......##.
#...# #......+..
#...######......##[
#...#...>.......##.
#...#.###.......##(
#...#.###.......##.


You could see Robin, Jessica, 2 hobgoblins and 3 goblins.

Vanquished Creatures
  3 adders (D:2)
  A dart slug (D:2)
  7 ball pythons
  2 bats (D:2)
  3 endoplasms (D:2)
  2 giant cockroaches
  5 goblins
  8 hobgoblins
  A jackal (D:2)
  4 quokkas
  5 kobolds (D:2)
  5 rats
46 creatures vanquished.

Notes
Turn   | Place    | Note
-------+----------+-------------------------------------------
     0 | D:1      | bande the Gargoyle Fighter began the quest for the Orb.
     0 | D:1      | Reached XP level 1. HP: 14/14 MP: 1/1
    63 | D:1      | Found Hibi's Antique Weapon Emporium.
   138 | D:1      | Reached XP level 2. HP: 19/19 MP: 2/2
   140 | D:1      | Found Naxketoy's Antique Armour Shoppe.
   239 | D:1      | Found Tizojo's Weapon Shop.
   440 | D:1      | Found Tier's Antique Armour Shop.
   550 | D:1      | Found Xyhopen's Weapon Boutique.
   590 | D:2      | Reached XP level 3. HP: 24/24 MP: 3/3
   863 | D:2      | Found a faded altar of an unknown god.
   939 | D:2      | Reached XP level 4. HP: 27/29 MP: 4/4
  1010 | D:2      | Noticed Jessica
  1011 | D:2      | Noticed Robin
  1021 | D:2      | Slain by a goblin

Illustrated notes

Levels and vault maps discovered:
D:1:      lightli_arrival_statue_moat, layout_loops_ring, serial_shops,
          nicolae_shop_behind_doors, shop, shop, nicolae_diamond_shop,
          shop_statue
D:2:      layout_basic, hellmonk_ecumenical_altar_arch_garden,
          minmay_fractal_squares_5, uniq_robin, uniq_jessica

Skill      XL: |  1  2  3  4 |
---------------+-------------+-----
Axes           | 2 3 |  3.0
Fighting       | |  3.8
Armour         | |  3.7
Shields        | |  3.8

Action                     |  1- 3 |  4- 6 || total
---------------------------+-------+-------++-------
  Melee: War axe           |    85 |    21 ||   106
 Armour: Scale mail        |    65 |    24 ||    89
  Dodge: Dodged            |    52 |    15 ||    67
  Block: Buckler           |    20 |     9 ||    29

Table legend: (Time is in decaauts)
 A = Elapsed time spent in this place.
 B = Non-inter-level travel time spent in this place.
 C = Inter-level travel time spent in this place.
 D = Time resting spent in this place.
 E = Time spent auto-exploring this place.
 F = Levels seen in this place.
 G = Mean time per level.
                   A        B        C        D        E       F      G
               +--------+--------+--------+--------+--------+-----+--------+
         Total |   1065 |   1061 |      4 |      0 |    806 |   2 |  532.5 |
       Dungeon |   1065 |   1061 |      4 |      0 |    806 |   2 |  532.5 |
               +--------+--------+--------+--------+--------+-----+--------+

Top non-repeatable levels by time:
     D:1: 595 daAuts
     D:2: 469 daAuts
